 Dungeon Crawl Stone Soup version 0.29-a0-207-gf982a884d8 (webtiles) character file.

Game seed: 392772440649619512

159 siradein the Skirmisher (level 5, -6/42 HPs)
             Began as a Formicid Abyssal Knight on Feb 23, 2022.
             Was a Believer of Lugonu.
             Mangled by an unseen horror (9 damage)
             ... on level 5 of the Dungeon.
             The game lasted 00:09:36 (4164 turns).

siradein the Skirmisher (Formicid Abyssal Knight)   Turns: 4164, Time: 00:09:37

Health: -6/42      AC: 11    Str: 18    XL:     5   Next: 68%
Magic:  7/7        EV: 10    Int:  9    God:    Lugonu [**....]
Gold:   198        SH:  5    Dex: 13    Spells: 4/4 levels left

rFire   . . .      SeeInvis +   a - +1 spear
rCold   . . .      Faith    .   (no shield)
rNeg    . . .      Spirit   .   e - +0 plate armour
rPois   .          Reflect  +   (helmet unavailable)
rElec   .          Harm     .   (no cloak)
rCorr   .          Rampage  .   (no gloves)
Will    .....                   (no boots)
Stlth   ..........              p - amulet of reflection
HPRegen 0.14/turn               d - +4 ring of evasion
MPRegen 0.10/turn               (no ring)

@: no status effects
A: permanent stasis, dig shafts and tunnels, antennae 3, four strong arms
a: Dig, Shaft Self, Renounce Religion, Depart the Abyss, Bend Space


You were on level 5 of the Dungeon.
You worshipped Lugonu.
Lugonu was pleased with you.
You visited 1 branch of the dungeon, and saw 5 of its levels.
You visited the Abyss 1 time.

You collected 198 gold pieces.

Inventory:

Hand Weapons
 a - a +1 spear (weapon)
 h - a +0 hunting sling
Missiles
 j - 20 stones
Armour
 e - a +0 plate armour (worn)
Jewellery
 c - an amulet of magic regeneration
 d - a +4 ring of evasion (left hand)
 l - a ring of fire
 p - an amulet of reflection (around neck)
 r - a +4 ring of evasion
Scrolls
 f - a scroll of holy word {unknown}
 g - 5 scrolls of identify {unknown}
 k - a scroll of enchant weapon {unknown}
 m - a scroll of immolation {unknown}
 o - a scroll of fear {unknown}
 s - a scroll of magic mapping {unknown}
Potions
 b - 5 potions of curing {unknown}
 i - a potion of flight {unknown}
 n - 2 potions of attraction {unknown}
 q - a potion of invisibility {unknown}


   Skills:
 + Level 4.0 Fighting
 + Level 2.9 Polearms
 + Level 3.2 Armour
 + Level 2.1 Dodging
 + Level 3.5 Invocations


You had 4 spell levels left.
You didn't know any spells.
Your spell library contained the following spells:

 Spells                   Type           Power      Damage    Failure   Level
 Gell's Gravitas          Tloc           0%         N/A       100%        3
 Teleport Other           Tloc           0%         N/A       100%        3
 Dispersal                Tloc           0%         N/A       100%        6


Dungeon Overview and Level Annotations

Branches:
Dungeon (5/15)
 Temple: D:4-7

Altars:
Qazlal
Sif Muna
Wu Jian
Zin

Shops:
D:2 =


Innate Abilities, Weirdness & Mutations

You cannot be hasted, slowed, berserked, paralysed or teleported.
You can dig through walls and to a lower floor.
You have a pair of large antennae on your head. (SInv)
Your four strong arms can wield two-handed weapons with a shield.


Message History

You are too injured to fight recklessly!
You are too injured to fight recklessly!
You are too injured to fight recklessly!
You are too injured to fight recklessly!
You are too injured to fight recklessly!
You are too injured to fight recklessly!
You hit the unseen horror.
The unseen horror is lightly wounded.
The unseen horror hits you but does no damage.
The unseen horror hits you!
* * * LOW HITPOINT WARNING * * *
You closely miss the unseen horror.
The unseen horror is lightly wounded.
The unseen horror barely misses you. The unseen horror closely misses you.
You hit the unseen horror.
The unseen horror is lightly wounded.
The unseen horror barely misses you.
The unseen horror hits you but does no damage.
You hit the unseen horror.
The unseen horror is moderately wounded.
The unseen horror hits you.
* * * LOW HITPOINT WARNING * * *
The unseen horror hits you but does no damage.
You block the unseen horror's attack.
You see here a brown potion.
The unseen horror hits you.
* * * LOW HITPOINT WARNING * * *
Found a whip.
You hit the unseen horror.
The unseen horror is heavily wounded.
The unseen horror barely misses you.
You hit the unseen horror.
The unseen horror is heavily wounded.
The unseen horror hits you.
* * * LOW HITPOINT WARNING * * *
The unseen horror hits you but does no damage.
You hit the unseen horror but do no damage.
The unseen horror is heavily wounded.
The unseen horror hits you!
You die...

... . . .. . .## .##
.##. . ... .. ...#.
.... #.# #..##..
)...###....
###........##
.###...#####...###
.......@..!..#...###
.....#x##..........###
...
#................## #
.....x#########....#
.....## ##.#.# #...#.
#.#[## #..### { {
#.#..# #.. #.##.#
#..#.#


You could see an unseen horror (invisible).

Vanquished Creatures
  6 gnolls
  2 adders (D:2)
  An ufetubus (D:4)
  3 worms (D:2)
  A dart slug (D:2)
  8 ball pythons
  11 endoplasms
  2 giant cockroaches
  4 goblins
  10 hobgoblins
  4 jackals (D:3)
  3 quokkas
  4 bats
  3 frilled lizards
  5 rats
67 creatures vanquished.

Vanquished Creatures (others)
  4 toadstools (D:1)
4 creatures vanquished.

Grand Total: 71 creatures vanquished

Notes
Turn   | Place    | Note
-------+----------+-------------------------------------------
     0 | Abyss:1  | siradein the Formicid Abyssal Knight began the quest for
                  | the Orb.
     0 | Abyss:1  | Reached XP level 1. HP: 18/18 MP: 2/2
    14 | D:1      | Escaped the Abyss
    39 | D:1      | Reached skill level 1 in Dodging
   110 | D:1      | Reached XP level 2. HP: 22/24 MP: 3/3
   624 | D:1      | Found a faded altar of an unknown god.
   624 | D:1      | Noticed an ice devil
   793 | D:2      | Reached XP level 3. HP: 23/29 MP: 4/4
   940 | D:2      | Reached ** piety under Lugonu
  1376 | D:2      | Reached XP level 4. HP: 24/37 MP: 6/6
  1530 | D:2      | Found Nidgh's Jewellery Emporium.
  2303 | D:3      | Reached XP level 5. HP: 32/42 MP: 7/7
  2577 | D:3      | Reached skill level 4 in Fighting
  2756 | D:3      | Found an ornate altar of the Wu Jian Council.
  3221 | D:4      | Noticed an ogre
  3549 | D:4      | Found a stormy altar of Qazlal.
  3553 | D:4      | Found a shimmering blue altar of Sif Muna.
  3555 | D:4      | Found a glowing silver altar of Zin.
  3706 | D:4      | Noticed a yak
  3706 | D:4      | Noticed a yak
  4121 | D:5      | Entered Level 5 of the Dungeon
  4145 | D:5      | Noticed an unseen horror
  4164 | D:5      | Mangled by an unseen horror

Illustrated notes

Levels and vault maps discovered:
D:1:      ldierk_walled_garden_2, layout_loops_ring,
          dreamdust_ecumenical_altar_sealed_demon, minmay_tromino_i2
D:2:      layout_basic, serial_shops, nicolae_shop_waterfront
D:3:      layout_basic, lemuel_coloured_pillars_altar
D:4:      layout_basic, mainiacjoe_overflow_cross_hatched,
          grunt_temple_overflow_open
D:5:      layout_rooms, minmay_temple_entry_sparse_star

Skill      XL: |  1  2  3  4  5 |
---------------+----------------+-----
Dodging        | 1 2 |  2.1
Invocations    | 3 |  3.5
Armour         | 3 |  3.2
Fighting       | 4 |  4.0
Polearms       | |  2.9

Action                   |  1- 3 |  4- 6 || total
-------------------------+-------+-------++-------
Melee: Spear             |   106 |   161 ||   267
       Punch             |     1 |       ||     1
Invok: Bend Space        |       |     4 ||     4
Armor: Leather armour    |     2 |       ||     2
       Plate armour      |    25 |    55 ||    80
Dodge: Dodged            |    27 |    53 ||    80
Block: Other             |       |     4 ||     4

Table legend: (Time is in decaauts)
 A = Elapsed time spent in this place.
 B = Non-inter-level travel time spent in this place.
 C = Inter-level travel time spent in this place.
 D = Time resting spent in this place.
 E = Time spent auto-exploring this place.
 F = Levels seen in this place.
 G = Mean time per level.
                   A        B        C        D        E       F      G
               +--------+--------+--------+--------+--------+-----+--------+
         Total |   4160 |   4020 |    140 |    360 |   2689 |   6 |  693.3 |
       Dungeon |   4146 |   4006 |    140 |    360 |   2681 |   5 |  829.2 |
         Abyss |     14 |     14 |      0 |      0 |      8 |   1 |   14.0 |
               +--------+--------+--------+--------+--------+-----+--------+

Top non-repeatable levels by time:
     D:3: 1500 daAuts
     D:2: 1320 daAuts
     D:1: 766 daAuts
     D:4: 516 daAuts
     D:5: 42 daAuts
 Abyss:1: 14 daAuts
